[Event "Titled Tuesday Blitz September 27 Late 2022"]
[White "Jobava, Baadur"]
[Black "Nakamura, Hikaru"]
[WhiteFideId "13601520"]
[BlackFideId "2016192"]
[WhiteElo "2582"]
[BlackElo "2850"]
[Result "0-1"]
[Round "10"]
[TimeControl "180+1"]
[Date "2022.09.27"]
[WhiteClock "0:00:01"]
[BlackClock "0:00:13"]

1. e4 g6 2. d4 Bg7 3. c3 d6 4. Bd3 e5 5. Ne2 Nf6 6. O-O O-O 7. Nd2 Nc6 8. d5 Ne7 9. a4 a5 10. Ng3 c6 11. c4 Nd7 12. Bc2 cxd5 13. cxd5 b6 14. Re1 Ba6 15. Ra3 Rc8 16. Bd3 Bxd3 17. Rxd3 Qc7 18. Rc3 Qb8 19. Nb1 h5 20. h3 h4 21. Ne2 f5 22. Rxc8 Qxc8 23. Nec3 Nc5 24. f3 Kh7 25. Na3 Ng8 26. Nab5 Qd7 27. Be3 Bh6 28. Bf2 Bg5 29. Qe2 Nf6 30. Qc4 Bd2 31. Re2 Bxc3 32. Nxc3 fxe4 33. fxe4 Rc8 34. Qb5 Qxb5 35. axb5 g5 36. Re3 Kg6 37. Kf1 Nh5 38. Rf3 Nf4 39. Be3 Nd7 40. Rf2 Rc4 41. Rc2 Nd3 42. b3 Rc8 43. Ke2 Nf4+ 44. Bxf4 gxf4 45. Kd2 Nf6 46. Kd3 Rc5 47. Re2 Kg5 48. Rb2 Rc7 49. b4 axb4 50. Rxb4 Nd7 51. Kd2 Nc5 52. Rb2 Ra7 53. Kc2 Ra1 54. Rb1 Ra3 55. Kb2 Ra5 56. Ra1 Rxa1 57. Kxa1 f3 58. gxf3 Kf4 0-1


[Site "https://www.chess.com"]

[Event "Titled Tuesday Blitz September 27 Late 2022"]
[White "Jorajuria Mendoza, Algol"]
[Black "Pesotskiy, Mikhail"]
[WhiteFideId "5128897"]
[BlackFideId "34164453"]
[WhiteElo "1600"]
[BlackElo "2013"]
[Result "1-0"]
[Round "10"]
[TimeControl "180+1"]
[Date "2022.09.28"]
[WhiteClock "0:00:09"]
[BlackClock "0:00:03"]

1. e4 e6 2. Qe2 c5 3. Nf3 g6 4. g3 Bg7 5. Bg2 Nc6 6. O-O d6 7. Rd1 Nge7 8. c3 O-O 9. d4 cxd4 10. cxd4 Qb6 11. Nc3 e5 12. d5 Nd4 13. Nxd4 exd4 14. Nb5 Bd7 15. a4 a6 16. Na3 Rac8 17. Nc4 Qb4 18. Bf1 b5 19. Nb6 Rc7 20. Bd2 Qxb2 21. Rab1 Qa2 22. Qd3 Rb8 23. Ra1 Qxa1 24. Rxa1 Rxb6 25. Ba5 Nc8 26. Bxb6 Nxb6 27. axb5 Bxb5 28. Qd2 d3 29. Rc1 Nc4 30. Qxd3 Ne5 31. Qd1 Nf3+ 32. Kg2 Bxf1+ 33. Qxf1 Nd2 34. Qd1 Rxc1 35. Qxc1 Nxe4 36. Qc8+ Bf8 37. Qxa6 Nf6 38. Qb7 h5 39. h3 Kg7 40. Kf3 Kg8 41. Kf4 Kg7 42. f3 Ng8 43. g4 hxg4 44. fxg4 Be7 45. g5 f6 46. h4 fxg5+ 47. hxg5 Kf7 48. Qd7 Kf8 49. Qe6 Kg7 50. Kg4 Bf8 51. Qe8 Be7 52. Qd7 Kf8 53. Kf4 Kf7 54. Ke4 Kf8 55. Kd4 Kf7 56. Kc4 Kf8 57. Kb5 Kf7 58. Kc6 Kf8 59. Qe6 Bxg5 60. Qxd6+ Ne7+ 61. Kd7 1-0


[Site "https://www.chess.com"]

[Event "Titled Tuesday Blitz September 27 Late 2022"]
[White "Karas, Marek"]
[Black "Jean Louis, Marckens"]
[WhiteFideId "14928558"]
[BlackFideId "11900270"]
[WhiteElo "2272"]
[BlackElo "2031"]
[Result "0-1"]
[Round "10"]
[TimeControl "180+1"]
[Date "2022.09.28"]
[WhiteClock "0:00:01"]
[BlackClock "0:01:00"]

1. e4 e6 2. d4 d5 3. Bd3 dxe4 4. Bxe4 Nf6 5. Bf3 Be7 6. Ne2 O-O 7. Nbc3 c5 8. d5 exd5 9. Nxd5 Nxd5 10. Qxd5 Qa5+ 11. Bd2 Qb6 12. Bc3 Bf6 13. O-O-O Bxc3 14. Nxc3 Na6 15. Qd6 Qa5 16. Rhe1 Rb8 17. Nd5 Be6 18. Nf4 Bxa2 19. Re7 Bc4 20. Rd7 Qa1+ 21. Kd2 Qxb2 22. Be4 Bb5 23. Ke1 Bxd7 24. Qxd7 Qe5 25. Qf5 Qxf5 26. Bxf5 Nb4 27. c3 Nc6 28. f3 b5 29. Be4 Rfc8 30. Bf5 Re8+ 31. Kf2 Ne5 32. Ra1 b4 33. cxb4 cxb4 34. Rxa7 b3 35. Bb1 b2 36. Nd5 Nc4 37. Nc3 Nd2 38. Rd7 Nxb1 39. Nxb1 Rec8 40. Kg3 h6 41. Rd2 Rc1 42. Na3 b1=Q 43. Nxb1 Rcxb1 44. h4 R1b2 45. Rd3 Ra2 46. Rd1 Rbb2 47. Rg1 g5 48. hxg5 hxg5 49. Kh3 Kg7 50. Kg3 Kg6 51. Kh3 f5 52. Kg3 f4+ 53. Kh3 Rc2 54. Kh2 Ra8 55. Rd1 Rh8+ 56. Kg1 Re8 57. Kh2 Rce2 58. Rd6+ Kh5 59. Rd7 g4 60. fxg4+ Kxg4 61. Rg7+ Kf5 62. Rf7+ Kg5 63. Rg7+ Kf6 64. Rg4 R8e4 65. Rh4 f3 66. Rh6+ Kg5 67. Rh8 Rxg2+ 68. Kh3 Re7 69. Rf8 Rh7# 0-1


[Site "https://www.chess.com"]

[Event "Titled Tuesday Blitz September 27 Late 2022"]
[White "Karwowski, Kacper"]
[Black "Musovic, Armin"]
[WhiteFideId "1126032"]
[BlackFideId "939935"]
[WhiteElo "2261"]
[BlackElo "2255"]
[Result "0-1"]
[Round "10"]
[TimeControl "180+1"]
[Date "2022.09.28"]
[WhiteClock "0:00:10"]
[BlackClock "0:00:21"]

1. e4 c6 2. d4 d5 3. exd5 cxd5 4. Bd3 Nc6 5. c3 Nf6 6. Bf4 g6 7. Nf3 Bg7 8. h3 O-O 9. Nbd2 Re8 10. O-O Nd7 11. Re1 f6 12. c4 e6 13. cxd5 exd5 14. Qb3 Rxe1+ 15. Rxe1 Nb6 16. a3 Bd7 17. Qa2 Be8 18. Nb3 Nd7 19. Nc5 Nxc5 20. dxc5 Bf7 21. b4 a6 22. Bd6 Bf8 23. Bf4 Qd7 24. Qb2 Bg7 25. Qc2 Re8 26. Rxe8+ Qxe8 27. Kf1 Qe6 28. Qe2 Qd7 29. Qc2 Nd8 30. Nd4 f5 31. Nf3 Nc6 32. Qe2 h6 33. Ne5 Qe6 34. Nxf7 Kxf7 35. Bc1 Qxe2+ 36. Kxe2 Ke6 37. g3 g5 38. f4 Bf6 39. Kf3 Nd4+ 40. Kf2 Nb3 41. Be3 Bb2 42. Ke2 Bxa3 43. Bd2 Nxd2 44. Kxd2 Bxb4+ 45. Ke3 Bxc5+ 46. Kf3 gxf4 47. Kxf4 Bd6+ 48. Kf3 Ke5 49. g4 fxg4+ 50. Kxg4 Be7 51. Kh5 Bg5 52. h4 Bf4 53. Kg6 a5 54. Bb5 Kd4 55. Kf5 Bg3 56. h5 Kc5 57. Ba4 b5 58. Bc2 a4 59. Kg6 Bf4 60. Kf5 Bg5 61. Ke6 d4 62. Ke5 b4 63. Ke4 b3 64. Bb1 a3 65. Kd3 a2 66. Bxa2 bxa2 67. Kc2 a1=Q 0-1


[Site "https://www.chess.com"]

[Event "Titled Tuesday Blitz September 27 Late 2022"]
[White "Kavutskiy, Konstantin"]
[Black "Sadilek, Peter"]
[WhiteFideId "2026384"]
[BlackFideId "1616439"]
[WhiteElo "2338"]
[BlackElo "2145"]
[Result "0-1"]
[Round "10"]
[TimeControl "180+1"]
[Date "2022.09.28"]
[WhiteClock "0:00:06"]
[BlackClock "0:00:08"]

1. d4 Nf6 2. c4 e6 3. Bf4 Bb4+ 4. Nd2 O-O 5. a3 Bxd2+ 6. Qxd2 b6 7. e3 d6 8. Nf3 Bb7 9. Be2 Nbd7 10. O-O Ne4 11. Qc2 f5 12. Nd2 g5 13. Bg3 Ndf6 14. Nxe4 Nxe4 15. f3 Nxg3 16. hxg3 Qf6 17. b4 f4 18. gxf4 gxf4 19. Qd2 a5 20. Rac1 axb4 21. axb4 Ra3 22. exf4 Qxf4 23. Qxf4 Rxf4 24. Rfd1 Ra2 25. Kf2 Rf8 26. Ra1 Rfa8 27. Rxa2 Rxa2 28. Ke3 Bc6 29. g4 Kg7 30. Bd3 Be8 31. b5 Ra3 32. Kf4 h6 33. Be4 Rc3 34. Bd3 Bg6 35. Bf1 Kf6 36. Re1 e5+ 37. dxe5+ dxe5+ 38. Rxe5 Rxf3+ 39. Kxf3 Kxe5 40. Ke3 Bf7 41. Bd3 Bg8 42. Bf1 Bf7 43. Bd3 Be6 44. Be2 Bd7 45. Bd1 Be8 46. Bf3 Bg6 47. Bd1 Bb1 48. Bf3 Bg6 49. Bd1 Bf7 50. Be2 Be6 51. Kd3 Kf4 52. Kd4 Bxg4 53. Bf1 Be6 54. c5 h5 55. Bg2 h4 56. Bh1 Bg4 57. cxb6 cxb6 0-1


[Site "https://www.chess.com"]

[Event "Titled Tuesday Blitz September 27 Late 2022"]
[White "Kjartansson, Gudmundur"]
[Black "Mikhailov, Viacheslav"]
[WhiteFideId "2301318"]
[BlackFideId "4187369"]
[WhiteElo "2338"]
[BlackElo "2381"]
[Result "0-1"]
[Round "10"]
[TimeControl "180+1"]
[Date "2022.09.28"]
[WhiteClock "0:00:21"]
[BlackClock "0:00:07"]

1. d4 c5 2. Nf3 cxd4 3. Nxd4 Nf6 4. c4 g6 5. Nc3 Bg7 6. g3 O-O 7. Bg2 Nc6 8. O-O d6 9. Nxc6 bxc6 10. Bxc6 Bh3 11. Bxa8 Qxa8 12. f3 Bxf1 13. Kxf1 Rc8 14. Qd3 Qc6 15. b3 d5 16. Nxd5 Nxd5 17. cxd5 Qd7 18. Rb1 Rc5 19. e4 Qc8 20. Bd2 Rc2 21. a4 h5 22. Re1 Qh3+ 23. Kg1 Ra2 24. Re2 h4 25. Be1 Bd4+ 26. Qxd4 Rxe2 27. Bf2 Rc2 28. Qd1 Rxf2 29. Kxf2 Qxh2+ 30. Ke3 hxg3 31. d6 exd6 32. Qxd6 Qf2+ 33. Kf4 g2 34. Qd8+ Kh7 35. Qe7 Qd2+ 36. Ke5 Qc3+ 37. Kf4 Qc1+ 38. Ke5 Qc3+ 39. Kf4 g1=Q 40. Qxf7+ Qg7 41. Qe6 Qf8+ 42. Ke5 Qgc5+ 43. Qd5 Qfd6# 0-1


[Site "https://www.chess.com"]

[Event "Titled Tuesday Blitz September 27 Late 2022"]
[White "Koellner, Ruben Gideon"]
[Black "Mickiewicz, Piotr"]
[WhiteFideId "12993093"]
[BlackFideId "1114891"]
[WhiteElo "2286"]
[BlackElo "2246"]
[Result "1-0"]
[Round "10"]
[TimeControl "180+1"]
[Date "2022.09.28"]
[WhiteClock "0:00:27"]
[BlackClock "0:00:09"]

1. d4 Nf6 2. Bg5 c5 3. Bxf6 gxf6 4. d5 f5 5. c4 Bg7 6. Qc2 d6 7. Nc3 Qa5 8. Rc1 Nd7 9. e3 Nf6 10. Bd3 Ne4 11. Ne2 Nxc3 12. Nxc3 Bxc3+ 13. Qxc3 Qxc3+ 14. Rxc3 e5 15. g3 Ke7 16. Kd2 b6 17. a3 Bd7 18. b4 f4 19. exf4 exf4 20. Re1+ Kf6 21. Bc2 fxg3 22. Rf3+ Kg7 23. hxg3 Rae8 24. Rh1 h6 25. Rh4 f6 26. Rhf4 Rhf8 27. b5 a5 28. bxa6 Ra8 29. Re3 Rf7 30. Bf5 Bxf5 31. Rxf5 Rxa6 32. Kc2 Ra4 33. Rf4 Rb7 34. Kb3 b5 35. cxb5 Rxf4 36. gxf4 Rxb5+ 37. Kc4 Ra5 38. f5 h5 39. Rg3+ 1-0


[Site "https://www.chess.com"]

[Event "Titled Tuesday Blitz September 27 Late 2022"]
[White "Lazavik, Denis"]
[Black "Kravtsiv, Martyn"]
[WhiteFideId "13515110"]
[BlackFideId "14113147"]
[WhiteElo "2437"]
[BlackElo "2694"]
[Result "1-0"]
[Round "10"]
[TimeControl "180+1"]
[Date "2022.09.27"]
[WhiteClock "0:00:12"]
[BlackClock "0:00:01"]

1. d4 d5 2. c4 e6 3. Nf3 Nf6 4. g3 Bb4+ 5. Bd2 Be7 6. Bg2 O-O 7. O-O Nbd7 8. Qc2 c6 9. Bf4 dxc4 10. Qxc4 Nd5 11. Bd2 b6 12. Qxc6 Ba6 13. Re1 Rc8 14. Qa4 Nb8 15. Nc3 Rc4 16. Qb3 Nc6 17. Nxd5 exd5 18. e3 Qd7 19. Rec1 Rc8 20. Qd1 Qf5 21. Ne1 Nb4 22. a3 Nc6 23. Bf1 b5 24. Bd3 Qe6 25. b3 Rxc1 26. Bxc1 g6 27. Bd2 Nb8 28. Qe2 Qc6 29. Rc1 Qd7 30. Rxc8+ Qxc8 31. Nc2 Bb7 32. Bb4 Bxb4 33. Nxb4 a5 34. Na2 b4 35. axb4 axb4 36. Qd2 Nc6 37. Nxb4 Na5 38. Bc2 Qc7 39. Nd3 Bc8 40. Nc5 Bh3 41. Bd3 Qb6 42. Qc3 Nc6 43. Bf1 Bg4 44. Nd3 h5 45. Qc5 Qa6 46. Ne5 Qa1 47. Qxc6 Be2 48. Qe8+ Kh7 49. Qxf7+ 1-0


[Site "https://www.chess.com"]

[Event "Titled Tuesday Blitz September 27 Late 2022"]
[White "Leitao, Rafael"]
[Black "Al-Tarboush, Ward"]
[WhiteFideId "2101246"]
[BlackFideId "7601450"]
[WhiteElo "2609"]
[BlackElo "2234"]
[Result "1-0"]
[Round "10"]
[TimeControl "180+1"]
[Date "2022.09.28"]
[WhiteClock "0:00:38"]
[BlackClock "0:00:15"]

1. c4 c5 2. Nf3 Nc6 3. e3 Nf6 4. Nc3 e5 5. d4 e4 6. Ne5 h5 7. Be2 Bd6 8. Nxc6 dxc6 9. dxc5 Bxc5 10. Qxd8+ Kxd8 11. b3 Ke7 12. Bb2 Bg4 13. h3 Bxe2 14. Kxe2 Rad8 15. Rhd1 Rxd1 16. Rxd1 Rd8 17. Rxd8 Kxd8 18. Na4 Be7 19. Bd4 b6 20. Nc3 Kd7 21. Bxf6 Bxf6 22. Nxe4 Bb2 23. Kd3 f5 24. Ng3 g6 25. Ne2 Be5 26. Nd4 Kd6 27. Nf3 Bf6 28. h4 Kc5 29. g3 a5 30. a4 b5 31. cxb5 cxb5 32. axb5 Kxb5 33. Nd4+ Kb4 34. Kc2 Kc5 35. Ne6+ Kd5 36. Nf4+ Ke4 37. Kd2 Kf3 38. Ke1 g5 39. hxg5 Bxg5 40. Nxh5 Bh6 41. Kf1 Bf8 42. Nf4 Bd6 43. Ne6 Ke4 44. Ke2 Be5 45. Nf4 Ba1 46. f3+ Ke5 47. Kd3 Bb2 48. Ne2 Kd5 49. Nd4 Kc5 50. Nxf5 Kb4 51. Kc2 Bf6 52. g4 1-0


[Site "https://www.chess.com"]

[Event "Titled Tuesday Blitz September 27 Late 2022"]
[White "Melkumyan, Hrant"]
[Black "Preotu, Razvan"]
[WhiteFideId "13302485"]
[BlackFideId "2613280"]
[WhiteElo "2604"]
[BlackElo "2407"]
[Result "1-0"]
[Round "10"]
[TimeControl "180+1"]
[Date "2022.09.27"]
[WhiteClock "0:00:13"]
[BlackClock "0:00:02"]

1. Nf3 c5 2. c4 Nc6 3. Nc3 g6 4. e3 Nf6 5. d4 cxd4 6. exd4 d5 7. cxd5 Nxd5 8. Qb3 Nxc3 9. Bc4 Nd5 10. Bxd5 e6 11. Bxc6+ bxc6 12. O-O Qd5 13. Be3 f6 14. Rfc1 Be7 15. Nd2 Kf7 16. Qc3 Bb7 17. f3 Rhd8 18. Ne4 a5 19. Qe1 g5 20. b3 Qf5 21. Qg3 Rac8 22. Rc3 h5 23. Rac1 h4 24. Qf2 Rd5 25. h3 Ra8 26. a4 Rb8 27. Nc5 Bc8 28. Qe1 e5 29. dxe5 Qxe5 30. Qf2 Bxc5 31. Bxc5 Be6 32. Re3 Qg3 33. Qe2 Re5 34. Rxe5 Qxe5 35. Qxe5 fxe5 36. Bd6 Rc8 37. Rc3 c5 38. Bxe5 c4 39. bxc4 Rxc4 40. Ra3 Bd7 41. Rd3 Bxa4 42. Rd6 Rc6 43. Rd5 Ra6 44. Bc3 Bb3 45. Rxg5 a4 46. Rg7+ Kf8 47. Rb7 Bd5 48. Bb4+ Kg8 49. Rd7 Be6 50. Re7 Rb6 51. Bc5 Ra6 52. Ba3 Rb6 53. Ra7 Bb3 54. Ra5 Rc6 55. Rg5+ Kf7 56. Rg4 Rc4 57. Kf2 Rxg4 58. hxg4 Kg6 59. Ke3 Bd5 60. Be7 Bc6 61. Bxh4 a3 62. Be1 a2 63. Bc3 Bb7 64. Kf2 Bc6 65. Kg3 Bb7 66. f4 Be4 67. Kh3 Bd5 68. g3 Bf3 69. Kh4 Be4 70. f5+ Kh6 71. g5+ Kh7 72. g6+ Kh6 73. Kg4 Bd5 74. Kf4 Bc6 75. g4 Be8 76. Bf6 Bxg6 77. fxg6 Kxg6 1-0


[Site "https://www.chess.com"]

[Event "Titled Tuesday Blitz September 27 Late 2022"]
[White "Mihajlov, Sebastian"]
[Black "Ozen, Bahadir"]
[WhiteFideId "1512110"]
[BlackFideId "6337058"]
[WhiteElo "2464"]
[BlackElo "2503"]
[Result "1-0"]
[Round "10"]
[TimeControl "180+1"]
[Date "2022.09.28"]
[WhiteClock "0:00:29"]
[BlackClock "0:00:07"]

1. e4 d6 2. d4 g6 3. Nc3 Bg7 4. Be3 a6 5. h4 h5 6. Nh3 Bxh3 7. Rxh3 b5 8. Qe2 Nd7 9. O-O-O Ngf6 10. e5 Ng4 11. e6 fxe6 12. Bg5 Nf8 13. f3 Nh6 14. g4 Nf7 15. gxh5 Rxh5 16. f4 c6 17. Bg2 Kd7 18. Bf3 Rh8 19. Bg4 b4 20. Na4 Qa5 21. b3 Nxg5 22. fxg5 Kc7 23. Kb1 e5 24. Rf1 Qd5 25. Rhf3 e4 26. Rf7 Qxd4 27. Rxe7+ Kd8 28. Rxg7 Qxg7 29. Qxe4 Rc8 30. Bxc8 d5 31. Qg4 Qc7 32. Bxa6 Qe5 33. Nc5 Ke7 34. Nd3 1-0


[Site "https://www.chess.com"]

[Event "Titled Tuesday Blitz September 27 Late 2022"]
[White "Moaataz, Ayah"]
[Black "Bilan, Danila"]
[WhiteFideId "10615873"]
[BlackFideId "24161918"]
[WhiteElo "1993"]
[BlackElo "2164"]
[Result "0-1"]
[Round "10"]
[TimeControl "180+1"]
[Date "2022.09.28"]
[WhiteClock "0:00:06"]
[BlackClock "0:00:05"]

1. c4 c6 2. g3 d5 3. Bg2 Nf6 4. Nf3 Bf5 5. cxd5 cxd5 6. Qb3 Qc8 7. Nc3 e6 8. d3 Nc6 9. O-O Be7 10. Bd2 O-O 11. Rac1 Qd7 12. Nb5 a6 13. Nbd4 Nxd4 14. Nxd4 Bg6 15. Ba5 Rfc8 16. Bb6 h6 17. a4 Rxc1 18. Rxc1 Rc8 19. Rc3 Rxc3 20. bxc3 Qc8 21. c4 Bc5 22. h3 Nd7 23. Bxc5 Nxc5 24. Qb4 dxc4 25. Qxc4 b6 26. a5 Qc7 27. Nc6 Kh7 28. Qb4 Nd7 29. axb6 Qxb6 30. Qe7 Nf6 31. Ne5 Qb1+ 32. Kh2 Qb6 33. f4 Ng8 34. Qf8 Qc7 35. h4 Nf6 36. g4 h5 37. f5 exf5 38. d4 Nxg4+ 39. Kg3 Nxe5 40. dxe5 Qxe5+ 41. Kf2 f4 42. Bf3 Qe3+ 43. Kf1 a5 44. Qa3 Qxa3 0-1


[Site "https://www.chess.com"]

[Event "Titled Tuesday Blitz September 27 Late 2022"]
[White "Morales Santos, Natasha"]
[Black "Rios Escobar, Adan"]
[WhiteFideId "3101703"]
[BlackFideId "3403645"]
[WhiteElo "1589"]
[BlackElo "2321"]
[Result "0-1"]
[Round "10"]
[TimeControl "180+1"]
[Date "2022.09.28"]
[WhiteClock "0:00:02"]
[BlackClock "0:00:19"]

1. d4 Nf6 2. c4 g6 3. Nc3 Bg7 4. e4 d6 5. h3 O-O 6. Be3 Nc6 7. Nge2 e5 8. d5 Nd4 9. Nxd4 exd4 10. Bxd4 Nxe4 11. Nxe4 Qh4 12. Bxg7 Qxe4+ 13. Qe2 Qxe2+ 14. Bxe2 Kxg7 15. Kd2 Bd7 16. Bf3 a5 17. Rac1 b6 18. Kd3 Rfe8 19. Rhe1 Kf8 20. h4 h6 21. g3 Rxe1 22. Rxe1 Re8 23. Rxe8+ Kxe8 24. Kd4 Ke7 25. b3 f5 26. a3 g5 27. hxg5 hxg5 28. b4 axb4 29. axb4 Ba4 30. Be2 Kf6 31. f4 Bc2 32. c5 bxc5+ 33. bxc5 Bb3 34. Bc4 Bd1 35. cxd6 cxd6 36. Bb5 Kg6 37. Be8+ Kf6 38. Kc4 gxf4 39. gxf4 Ke7 40. Bc6 Kf6 41. Kb5 Bc2 42. Kb6 Ke7 43. Kc7 Bd3 44. Bb7 Be4 45. Bc6 Bf3 46. Bb7 Be4 47. Bc6 Bd3 48. Bd7 Be4 49. Be6 Bd3 50. Kb6 Bc2 51. Kb5 Kf6 52. Kc4 Kg6 53. Kd4 Kh5 54. Ke3 Kg4 55. Bf7 Kg3 56. Bg8 Bb3 57. Be6 Bc2 58. Bf7 Be4 59. Be6 Kg2 60. Bf7 Kf1 61. Be6 Ke1 62. Bf7 Kd1 63. Be6 Kc2 64. Kd4 Kd2 65. Kc4 Ke3 66. Kb5 Kxf4 67. Kc6 Ke5 0-1


[Site "https://www.chess.com"]

[Event "Titled Tuesday Blitz September 27 Late 2022"]
[White "Naroditsky, Daniel"]
[Black "Van Foreest, Jorden"]
[WhiteFideId "2026961"]
[BlackFideId "1039784"]
[WhiteElo "2628"]
[BlackElo "2649"]
[Result "1-0"]
[Round "10"]
[TimeControl "180+1"]
[Date "2022.09.27"]
[WhiteClock "0:00:17"]
[BlackClock "0:00:07"]

1. e4 c6 2. d4 d5 3. exd5 cxd5 4. Bd3 Nc6 5. c3 Nf6 6. h3 g6 7. Nf3 Bf5 8. O-O Bxd3 9. Qxd3 e6 10. Bf4 Bd6 11. Bxd6 Qxd6 12. Nbd2 Rc8 13. Rfe1 Kf8 14. a4 a6 15. a5 Qc7 16. Nb3 Kg7 17. Nfd2 Rhd8 18. Re3 Ne8 19. Nc5 Kg8 20. b4 Ng7 21. Rae1 Ne7 22. Nf3 Nef5 23. R3e2 Re8 24. Ne5 Nd6 25. Ng4 Nh5 26. Qf3 Nf5 27. Re5 Re7 28. Ne3 Nhg7 29. g4 Nxe3 30. R1xe3 Rf8 31. Qf6 Ne8 32. Qh4 Nd6 33. Rxd5 Nc4 34. Re2 Rfe8 35. Ne4 Qf4 36. Nf6+ Kg7 37. Qxh7+ Kxf6 38. g5+ Qxg5+ 39. Rxg5 Kxg5 40. Qg7 Nd6 41. f4+ Kxf4 42. Qe5+ 1-0


[Site "https://www.chess.com"]

[Event "Titled Tuesday Blitz September 27 Late 2022"]
[White "Pakleza, Zbigniew"]
[Black "Frank, Adam"]
[WhiteFideId "1119290"]
[BlackFideId "384720"]
[WhiteElo "2411"]
[BlackElo "2131"]
[Result "1-0"]
[Round "10"]
[TimeControl "180+1"]
[Date "2022.09.27"]
[WhiteClock "0:00:10"]
[BlackClock "0:00:33"]

1. d4 Nf6 2. Nf3 g6 3. Bf4 Bg7 4. e3 O-O 5. Be2 d6 6. h3 Nbd7 7. O-O c5 8. c3 cxd4 9. cxd4 Re8 10. Nc3 b6 11. Qb3 Bb7 12. Rac1 h6 13. Bh2 e5 14. Nb5 Bd5 15. Qa3 exd4 16. Nfxd4 Nc5 17. Nxd6 Re7 18. b4 Nce4 19. Nxe4 Nxe4 20. Rfd1 Rc8 21. b5 Rd7 22. Rxc8 Qxc8 23. Rc1 Qe8 24. Nc6 Nc5 25. Bg3 Kh7 26. Bc4 Be4 27. Qb4 a5 28. Qe1 Nd3 29. Bxd3 Bxd3 30. a4 Qe4 31. Nd4 Bxd4 32. exd4 Qxe1+ 33. Rxe1 Rxd4 34. Rd1 Rd7 35. Be5 Kg8 36. Rc1 Kf8 37. Bf6 1-0


[Site "https://www.chess.com"]

[Event "Titled Tuesday Blitz September 27 Late 2022"]
[White "Petrosyan, Manuel"]
[Black "Lewtak, Damian"]
[WhiteFideId "13300857"]
[BlackFideId "1141724"]
[WhiteElo "2592"]
[BlackElo "2329"]
[Result "1-0"]
[Round "10"]
[TimeControl "180+1"]
[Date "2022.09.27"]
[WhiteClock "0:01:29"]
[BlackClock "0:00:24"]

1. b3 g6 2. Bb2 Nf6 3. Bxf6 exf6 4. d4 Bg7 5. e3 b6 6. c4 Bb7 7. Nc3 f5 8. Nf3 d6 9. g3 Nd7 10. Bg2 Qc8 11. O-O O-O 12. Rc1 Nf6 13. Nd2 Bxg2 14. Kxg2 Qd7 15. Nd5 Rac8 16. b4 Nxd5 17. cxd5 Qb5 18. Qb3 h5 19. a4 Qd7 20. h4 Rfe8 21. Rc6 Re7 22. Rfc1 Qd8 23. Qc4 f4 24. exf4 Kh7 25. Nf3 Qe8 26. a5 bxa5 27. bxa5 Qd7 28. a6 Qe8 29. Rc2 Qd8 30. Rb2 Qd7 31. Rb7 Qf5 32. Rxa7 Rce8 33. Rcxc7 Re2 34. Rxf7 Qb1 35. Rxg7+ Kh8 36. Rh7+ Kg8 37. Rag7+ Kf8 38. Rb7 1-0


[Site "https://www.chess.com"]

[Event "Titled Tuesday Blitz September 27 Late 2022"]
[White "Pinero Rodriguez, Carlos Jose"]
[Black "Korchmar, Vasiliy"]
[WhiteFideId "3901726"]
[BlackFideId "24131750"]
[WhiteElo "2053"]
[BlackElo "2370"]
[Result "1-0"]
[Round "10"]
[TimeControl "180+1"]
[Date "2022.09.28"]
[WhiteClock "0:00:13"]
[BlackClock "0:00:03"]

1. e4 c5 2. Nf3 d6 3. d4 cxd4 4. Nxd4 Nf6 5. Nc3 Nc6 6. Bg5 Bd7 7. Qd2 a6 8. O-O-O e6 9. f4 Be7 10. Nf3 b5 11. e5 b4 12. exf6 bxc3 13. Qxc3 gxf6 14. Bh6 Rg8 15. f5 Qa5 16. Qxa5 Nxa5 17. g3 Bc6 18. Bg2 Nc4 19. Rhe1 e5 20. b3 Nb6 21. Nh4 Bxg2 22. Nxg2 d5 23. c3 Rc8 24. Kb2 Rb8 25. Be3 Nc4+ 26. Kc1 Ba3+ 27. Kc2 Nxe3+ 28. Nxe3 d4 29. cxd4 Rc8+ 30. Kb1 Kf8 31. dxe5 fxe5 32. Nc4 Bb4 33. Rxe5 Kg7 34. a3 Bc5 35. Rd7 Kf6 36. Red5 Rge8 37. Kb2 Re2+ 38. Rd2 Rxd2+ 39. Rxd2 Kxf5 40. b4 Bxb4 41. Nd6+ Bxd6 42. Rxd6 Re8 43. Rh6 Re3 44. Rxh7 f6 45. Rh4 a5 46. Ka2 Ke5 47. Kb2 Kd5 48. Rf4 Ke5 49. Ra4 Re2+ 50. Kb3 Rxh2 51. Rxa5+ Ke4 52. Ra4+ Ke5 53. Rf4 Rg2 54. Rf3 Ke4 55. Rc3 f5 56. a4 Rg1 57. Kb2 Rg2+ 58. Kb3 Rg1 59. a5 Ra1 60. Kb4 Kd4 61. Rb3 Ra2 62. Kb5 Kd5 63. a6 Kd6 64. Kb6 Kd5 65. Kb7 Kc4 66. Rb6 Kd4 67. a7 Ke4 68. Ra6 1-0


[Site "https://www.chess.com"]

[Event "Titled Tuesday Blitz September 27 Late 2022"]
[White "Prydun, Andriy"]
[Black "Banzea, Alexandru-Bogdan"]
[WhiteFideId "14145898"]
[BlackFideId "1232622"]
[WhiteElo "2163"]
[BlackElo "2057"]
[Result "0-1"]
[Round "10"]
[TimeControl "180+1"]
[Date "2022.09.28"]
[WhiteClock "0:00:06"]
[BlackClock "0:00:07"]

1. e4 c5 2. Nf3 a6 3. c3 d5 4. e5 Nc6 5. h3 e6 6. d4 Nh6 7. Bxh6 gxh6 8. a3 c4 9. Nbd2 Bd7 10. g3 Na5 11. Bg2 Bc6 12. O-O Qd7 13. Nh2 Ba4 14. Qh5 O-O-O 15. Ng4 Bc2 16. Nf6 Qe7 17. Rfc1 Bg6 18. Qd1 Bg7 19. Nh5 Rhg8 20. Bf1 Nc6 21. b4 Nb8 22. a4 b6 23. Kh2 Nd7 24. Ra2 Kb8 25. Be2 Ka7 26. Nf1 f6 27. exf6 Nxf6 28. Nxg7 Qxg7 29. Bg4 Rde8 30. Re2 Ne4 31. Nd2 Rgf8 32. Nxe4 Bxe4 33. f4 Rg8 34. Re3 Bf5 35. Qe2 Bxg4 36. Qxg4 Qxg4 37. hxg4 Rxg4 38. Rce1 Reg8 39. Rg1 h5 40. Re5 h4 41. Rxe6 hxg3+ 42. Kg2 Rxf4 43. Re7+ Kb8 44. Rf1 Rxf1 45. Kxf1 h5 46. Rh7 Rg5 47. Kg2 Kc8 48. a5 bxa5 49. bxa5 Kb8 50. Rh6 Kb7 51. Rh7+ Kc6 52. Rh6+ Kb5 0-1


[Site "https://www.chess.com"]

[Event "Titled Tuesday Blitz September 27 Late 2022"]
[White "Przybylski, Wojciech"]
[Black "Quesada Perez, Yuniesky"]
[WhiteFideId "1117599"]
[BlackFideId "3504409"]
[WhiteElo "2133"]
[BlackElo "2599"]
[Result "0-1"]
[Round "10"]
[TimeControl "180+1"]
[Date "2022.09.28"]
[WhiteClock "0:00:02"]
[BlackClock "0:00:38"]

1. e4 e5 2. Nf3 Nc6 3. Bb5 Nf6 4. Nc3 Bb4 5. O-O O-O 6. d3 Bxc3 7. bxc3 d6 8. h3 Bd7 9. Re1 Ne7 10. Bc4 Ng6 11. d4 h6 12. Rb1 b6 13. dxe5 dxe5 14. Kh2 Qe7 15. Be3 Rad8 16. Bd3 Bc6 17. Nd2 Nxe4 18. Qg4 Nxd2 19. Bxd2 e4 20. Bf4 Qd7 21. Qxd7 Rxd7 22. Bxe4 Bxe4 23. Rxe4 Nxf4 24. Rxf4 Rd2 25. Rc1 Re8 26. Kg3 Ree2 27. Rf3 Rxc2 28. Rd1 Rcd2 29. Rxd2 Rxd2 30. a4 Kf8 31. Re3 Ra2 32. Re4 Ra3 33. Rc4 c5 34. Kf4 Ke7 35. Ke5 Ra2 36. Rf4 g5 37. Rf3 Rxa4 38. Kd5 Rf4 39. Re3+ Kd7 40. f3 Rf5+ 41. Ke4 Rf6 42. Kd5 Rd6+ 43. Kc4 Re6 44. Rd3+ Kc6 45. Rd8 b5+ 46. Kb3 a5 47. Rc8+ Kb6 48. Rf8 a4+ 49. Ka3 Re3 50. Rb8+ Kc6 51. Kb2 Re2+ 52. Kb1 a3 53. Rh8 Rxg2 54. Rxh6+ Kd5 55. Rf6 Kc4 56. Rf5 b4 57. cxb4 cxb4 58. Rxf7 Kb3 59. Kc1 a2 60. Ra7 Rg1+ 61. Kd2 a1=Q 62. Ra3+ 0-1


[Site "https://www.chess.com"]